 Dungeon Crawl Stone Soup version 0.28-a0-983-g1de4e0787c (webtiles) character file.

Game seed: 4586015293779863198

316 Decritt the Gusty (level 6, -1/37 HPs)
             Began as a Tengu Air Elementalist on Dec 3, 2021.
             Shot with an arrow by a centaur (10 damage)
             ... on level 5 of the Dungeon.
             The game lasted 00:09:06 (4451 turns).

Decritt the Gusty (Tengu Air Elementalist)          Turns: 4451, Time: 00:09:07

Health: -1/37      AC:  6    Str: 18    XL:     6   Next: 44%
Magic:  9/11       EV: 13    Int: 21    God:
Gold:   207        SH:  3    Dex: 15    Spells: 9/10 levels left

rFire   + . .      SeeInvis .   f - +2 dagger (flame)
rCold   . . .      Faith    .   m - +0 buckler
rNeg    . . .      Spirit   .   l - +2 leather armour of Impermeability {*Slow rElec Str+4 Int+4}
rPois   .          Reflect  .   (helmet restricted)
rElec   +          Harm     .   (no cloak)
rCorr   .          Rampage  .   h - +0 pair of gloves
Will    .....                   (boots unavailable)
Stlth   ++........              (no amulet)
HPRegen 0.12/turn               b - +6 ring of strength
MPRegen 0.12/turn               g - ring of protection from fire

@: flying quickly and evasively, quick
A: beak, talons 3, nimble flight
a: no special abilities


You were on level 5 of the Dungeon.
You visited 1 branch of the dungeon, and saw 5 of its levels.

You collected 207 gold pieces.

Inventory:

Hand Weapons
 f - a +2 dagger of flaming (weapon)
Armour
 h - a +0 pair of gloves (worn)
 l - the +2 leather armour of Impermeability (worn) {*Slow rElec Str+4 Int+4}
   (You took it off an orc on level 4 of the Dungeon)

   Str:       It affects your strength (+4).
   Int:       It affects your intelligence (+4).
   rElec:     It insulates you from electricity.
   *Slow:     It may slow you when you take damage.
 m - a +0 buckler (worn)
Jewellery
 b - a +6 ring of strength (left hand)
 g - a ring of protection from fire (right hand)
Wands
 i - a wand of polymorph (1)
Scrolls
 d - a scroll of amnesia {unknown}
 e - a scroll of fog {unknown}
Potions
 c - 2 potions of curing {unknown}
 j - a potion of flight {unknown}
 k - a potion of brilliance {unknown}


   Skills:
 + Level 3.0 Fighting
 + Level 2.5 Dodging
 - Level 2.0 Stealth
 + Level 0.0 Shields
 + Level 2.9 Spellcasting
 - Level 3.0 Conjurations
 + Level 6.7 Air Magic


You had 9 spell levels left.
You knew the following spells:

 Your Spells              Type           Power      Damage    Failure   Level
a - Shock                 Conj/Air       92%        1d8       3%          1

Your spell library contained the following spells:

 Spells                   Type           Power      Damage    Failure   Level
 Swiftness                Air            31%        N/A       4%          3
 Static Discharge         Conj/Air       23%        N/A       5%          2
 Airstrike                Air            15%        N/A       16%         4
 Slow                     Hex            12%        N/A       26%         1


Dungeon Overview and Level Annotations

Branches:
Dungeon (5/15)
 Temple: D:4-7

Altars:
Okawaru


Innate Abilities, Weirdness & Mutations

You have a beak for a mouth.
You have claws for feet.
Your magical nature lets you fly swiftly and evasively.


Message History

Your surroundings suddenly seem different.
Found a stone staircase leading down.
A jackal comes into view.
The jackal barks!
A jackal comes into view.
The jackal moves out of view.
The zap hits the jackal.
The jackal is almost dead.
You hit the jackal. You burn the jackal.
You kill the jackal!
A centaur comes into view.
Your Fighting skill increases to level 3!
You see here a jackal corpse.
An adder comes into view.
The zap hits the centaur.
The centaur is lightly wounded.
The centaur shouts!
The adder hisses angrily.
The jackal barks!
The centaur wields a +0 shortbow.
The centaur shoots an arrow.
The arrow hits you.
The zap hits the centaur.
The centaur is heavily wounded.
The centaur unwields a +0 shortbow.
The centaur hits you but does no damage.
The centaur misses you.
The centaur wields a +0 shortbow.
The centaur shoots an arrow.
The arrow hits you!
* * * LOW HITPOINT WARNING * * *
The centaur shoots an arrow.
The arrow hits you.
* * * LOW HITPOINT WARNING * * *
The centaur shoots an arrow.
The arrow hits you!
* * * LOW HITPOINT WARNING * * *
The adder misses you. The jackal misses you.
Okay, then.
You are too injured to fight recklessly!
You are too injured to fight recklessly!
Drop what? 12/52 slots (_ for help) (? for menu, Esc to quit)
Okay, then.
The centaur shoots an arrow.
The arrow closely misses you.
The centaur shoots an arrow.
The arrow hits you!
You die...

### #.#########
########....#....#
#...........#.>..#
#...........#.##.#
#...........'.##.#####
#....@......#<.......#
#########..h........########.#
...........S.......># #.#
#..................# #.#
#..................# #..
#.....c...........## ##.
.##.................# #.
.#.................## #. ##
#..##†###............#########


You could see a centaur, an adder and a jackal.

Vanquished Creatures
  A scorpion (D:4)
  A bullfrog skeleton (D:4)
  Jessica (D:3)
  2 iguanas (D:4)
  A hound skeleton (D:3)
  6 adders
  2 worms
  7 orcs (D:4)
  4 bats
  2 endoplasms
  6 giant cockroaches
  4 goblins
  4 hobgoblins
  6 jackals
  3 quokkas
  11 ball pythons
  3 frilled lizards
  7 kobolds
  4 rats
75 creatures vanquished.

Notes
Turn   | Place    | Note
-------+----------+-------------------------------------------
     0 | D:1      | Decritt the Tengu Air Elementalist began the quest for the
                  | Orb.
     0 | D:1      | Reached XP level 1. HP: 10/10 MP: 4/4
   254 | D:1      | Reached XP level 2. HP: 16/16 MP: 3/6
   298 | D:1      | You fall into a shaft and drop 1 floor!
   330 | D:2      | Reached skill level 1 in Fighting
   674 | D:2      | Reached XP level 3. HP: 18/20 MP: 4/7
  1536 | D:1      | Found a faded altar of an unknown god.
  1544 | D:1      | Got Plato's Papyrus of Curses
  1647 | D:1      | Reached XP level 4. HP: 26/26 MP: 2/8
  1825 | D:1      | Reached skill level 5 in Air Magic
  2642 | D:3      | Noticed Jessica
  2649 | D:3      | Killed Jessica
  2650 | D:3      | Gained mutation: Your magical nature lets you fly swiftly
                  | and evasively. [Tengu growth]
  2650 | D:3      | Reached XP level 5. HP: 8/30 MP: 3/9
  3364 | D:4      | Reached skill level 6 in Air Magic
  3750 | D:4      | Identified the +2 leather armour of Impermeability {*Slow
                  | rElec Str+4 Int+4}
  3866 | D:4      | Reached XP level 6. HP: 35/36 MP: 6/11
  4202 | D:4      | Found an iron altar of Okawaru.
  4241 | D:5      | Entered Level 5 of the Dungeon
  4244 | D:5      | Noticed a water moccasin
  4451 | D:5      | Shot with an arrow by a centaur

Illustrated notes

Levels and vault maps discovered:
D:1:      lemuel_arrival_muddy, layout_rooms,
          shapermc_ecumenical_altar_rom_forum, serial_aquarium,
          aquarium_bridge_square [aquarium_subvault_bridge,
          aquarium_subvault_wall, aquarium_subvault_wall,
          aquarium_subvault_wall], aquarium_bridge_square
          [aquarium_subvault_wall, aquarium_subvault_window,
          aquarium_subvault_bridge, aquarium_subvault_bridge],
          aquarium_window_corridor_3, aquarium_window_1, aquarium_window_fake,
          aquarium_window_double, aquarium_view_2a
D:2:      layout_loops_ring
D:3:      layout_loops_cross, uniq_jessica
D:4:      minmay_general_purpose_star, layout_rooms, marbit_many_paths
D:5:      layout_basic, gammafunk_ghost_hive, fountainhead,
          amcnicky_mini_pool_small, minmay_pentangle

Skill      XL: |  1  2  3  4  5  6 |
---------------+-------------------+-----
Conjurations   | 2 3 |  3.0
Fighting       | 1 2 3 |  3.0
Air Magic      | 5 6 |  6.7
Dodging        | |  2.5
Stealth        | |  2.0
Spellcasting   | |  2.9

Action                   |  1- 3 |  4- 6 || total
-------------------------+-------+-------++-------
Melee: Unarmed           |     3 |       ||     3
       Kick              |    11 |     8 ||    19
       Peck              |     9 |     9 ||    18
       Dagger            |    36 |    41 ||    77
 Cast: Shock             |    32 |    85 ||   117
  Use: Scroll            |       |     1 ||     1
 Stab: Sleeping          |     3 |       ||     3
Armor: Robe              |     5 |       ||     5
       Leather armour    |       |     5 ||     5
Dodge: Dodged            |    20 |    28 ||    48

Table legend: (Time is in decaauts)
 A = Elapsed time spent in this place.
 B = Non-inter-level travel time spent in this place.
 C = Inter-level travel time spent in this place.
 D = Time resting spent in this place.
 E = Time spent auto-exploring this place.
 F = Levels seen in this place.
 G = Mean time per level.
                   A        B        C        D        E       F      G
               +--------+--------+--------+--------+--------+-----+--------+
         Total |   4368 |   4232 |    136 |    854 |   2766 |   5 |  873.6 |
       Dungeon |   4368 |   4232 |    136 |    854 |   2766 |   5 |  873.6 |
               +--------+--------+--------+--------+--------+-----+--------+

Top non-repeatable levels by time:
     D:2: 1183 daAuts
     D:4: 1118 daAuts
     D:1: 1088 daAuts
     D:3: 904 daAuts
     D:5: 74 daAuts
